 Dungeon Crawl Stone Soup version 0.30-a0-913-g9934a0c (webtiles) character file.

Game seed: 5308824835608003001

2736 Dorkslayer the Covered (level 9, -2/55 HPs)
             Began as a Gargoyle Fighter on Mar 19, 2023.
             Slain by a wyvern (10 damage)
             ... on level 8 of the Dungeon.
             The game lasted 00:18:58 (6417 turns).

Dorkslayer the Covered (Gargoyle Fighter)           Turns: 6417, Time: 00:18:58

Health: -2/55      AC: 22    Str: 22    XL:     9   Next: 67%
Magic:  9/9        EV:  7    Int:  9    God:
Gold:   100        SH: 10    Dex: 11    Spells: 8/8 levels left

rFire   . . .      SeeInvis .    h - +1 mace (holy)
rCold   . . .      Faith    .    c - +0 buckler
rNeg    + + .      Spirit   .    f - +1 plate armour
rPois   ∞          Reflect  +    l - +0 helmet
rElec   +          Rampage  .    (no cloak)
rCorr   .                        (no gloves)
Will    .....                    (no boots)
Stlth   x                          - amulet of reflection
HPRegen 0.29/turn                g - ring of positive energy
MPRegen 0.11/turn                u - ring of flight

@: flying
A: sickness immunity, AC +6, negative energy resistance 1, electricity
resistance, torment resistance 1, petrification resistance
a: no special abilities


You were on level 8 of the Dungeon.
You visited 2 branches of the dungeon, and saw 9 of its levels.

You collected 384 gold pieces.
You spent 284 gold pieces at shops.

Inventory:

Hand Weapons
 a - a +0 war axe
 h - a +1 mace of holy wrath (weapon)
 v - a +2 hand axe of freezing
Missiles
 w - 3 boomerangs
 y - 5 curare-tipped darts (quivered)
Armour
 c - a +0 buckler (worn)
 f - a +1 plate armour (worn)
 l - a +0 helmet (worn)
Jewellery
 g - a ring of positive energy (left hand)
 u - a ring of flight (right hand)
 x - an amulet of reflection (around neck)
Wands
 b - a wand of light (4)
Scrolls
 d - a scroll of enchant weapon
 j - a scroll of immolation
 k - 3 scrolls of teleportation
 r - a scroll of summoning
 s - a scroll of enchant armour
Potions
 e - a potion of lignification
 i - a potion of flight
 m - 2 potions of attraction
 o - a potion of mutation
 p - a potion of magic
 q - a potion of brilliance
 z - a potion of curing {unknown}


   Skills:
 * Level 6.0 Fighting
 + Level 4.0(4.6) Axes
 + Level 3.8(4.8) Maces & Flails
 * Level 2.3 Throwing
 * Level 7.3 Armour
 + Level 4.4 Dodging
 + Level 5.5 Shields
 * Level 3.8 Evocations


You had 8 spell levels left.
You didn't know any spells.
Your spell library contained the following spells:

 Spells                   Type           Power      Damage    Failure   Level
 Summon Small Mammal      Summ           0%         N/A       100%        1
 Call Canine Familiar     Summ           0%         N/A       100%        3
 Summon Guardian Golem    Hex/Summ       0%         N/A       100%        3
 Blade Hands              Tmut           0%         N/A       100%        5
 Irradiate                Conj/Tmut      0%         3d11      100%        5
 Dragon Form              Tmut           0%         N/A       100%        7


Dungeon Overview and Level Annotations

Branches:
Dungeon (8/15)             Temple (1/1) D:5
   Lair: D:8-11

Altars:
Ashenzari
Dithmenos
Elyvilon
Kikubaaqudgha
Makhleb
Nemelex Xobeh
Okawaru
Ru
Sif Muna
Trog
Vehumet
Wu Jian
Yredelemnul
Zin
The Shining One

Shops:
D:4 *   D:7 (


Innate Abilities, Weirdness & Mutations

You are immune to sickness and miasma.
Your stone body is resilient. (AC +6)
You are immune to poison.
You resist negative energy. (rN+)
You are resistant to electric shocks. (rElec)
You are resistant to unholy torment.
You are immune to petrification.


Message History

The wyvern is lightly wounded.
You block the wyvern's attack. x2
You hit the wyvern.
The wyvern is lightly wounded.
The wyvern bites you but does no damage.
You block the wyvern's attack.
You hit the wyvern.
The wyvern is lightly wounded.
The wyvern bites you but does no damage.
You hit the wyvern.
The wyvern is moderately wounded.
You block the wyvern's attack. The wyvern bites you!
You barely miss the wyvern.
The wyvern is moderately wounded.
The wyvern bites you. The wyvern bites you!
You hit the wyvern.
The wyvern is heavily wounded.
The wyvern bites you!
The wyvern bites you but does no damage.
You hit the wyvern.
The wyvern is heavily wounded.
You block the wyvern's attack. x2
You hit the wyvern.
The wyvern is severely wounded.
The wyvern barely misses you.
You barely miss the wyvern.
The wyvern is severely wounded.
The wyvern bites you!
* * * LOW HITPOINT WARNING * * *
You block the wyvern's attack.
You closely miss the wyvern.
The wyvern is severely wounded.
The wyvern bites you.
* * * LOW HITPOINT WARNING * * *
The wyvern bites you.
* * * LOW HITPOINT WARNING * * *
You closely miss the wyvern.
The wyvern is severely wounded.
The wyvern closely misses you. The wyvern bites you!
You die...

# ## #... .# ... .##
##..# #.## #... #).#
##..# ##.## ##!..
##.## #..l# ##...##
##..@# #.....# #...##
.# ......## ##...# ...
.......## ##...## ....
.....#..# #....# #...#
.....#..###...##
##....#
....###..#....####...#
....# #.......#....#
.# ...##
##..........## .#


You could see a wyvern.

Vanquished Creatures
  Erica (D:8)
  Sigmund (D:2)
  The ghost of Dega the Shooter, an amateur SpHu (D:3)
  Duvessa (D:7)
  2 sky beasts
  Pargi (D:3)
  3 black bears
  An ogre (D:4)
  A kobold brigand (D:8)
  A phantom (D:3)
  A bullfrog (D:7)
  2 scorpions
  Dowan (D:7)
  A howler monkey (D:7)
  3 hounds
  2 jellies
  2 orc priests (D:7)
  4 iguanas
  4 orc wizards
  Natasha (thrice) (D:2)
  Robin (D:2)
  7 gnolls
  7 adders
  2 white imps (D:6)
  2 ufetubi
  A worm (D:4)
  3 dart slugs
  16 orcs
  8 ball pythons
  4 bats
  8 endoplasms
  2 giant cockroaches
  17 goblins
  4 hobgoblins
  2 jackals (D:4)
  2 quokkas
  4 frilled lizards
  10 kobolds
  3 rats
139 creatures vanquished.

Notes
Turn   | Place    | Note
-------+----------+-------------------------------------------
     0 | D:1      | Dorkslayer the Gargoyle Fighter began the quest for the
                  | Orb.
     0 | D:1      | Reached XP level 1. HP: 14/14 MP: 1/1
   233 | D:1      | Reached XP level 2. HP: 12/19 MP: 2/2
   936 | D:2      | Reached skill level 1 in Dodging
   936 | D:2      | Reached XP level 3. HP: 13/23 MP: 3/3
  1060 | D:2      | Noticed Robin
  1065 | D:2      | Killed Robin
  1066 | D:2      | Reached skill level 4 in Armour
  1066 | D:2      | Reached XP level 4. HP: 28/28 MP: 4/4
  1112 | D:2      | Noticed Sigmund
  1156 | D:2      | Killed Sigmund
  1157 | D:2      | Reached skill level 1 in Maces & Flails
  1157 | D:2      | Reached XP level 5. HP: 10/33 MP: 5/5
  1243 | D:2      | Reached XP level 6. HP: 31/38 MP: 6/6
  1424 | D:2      | Noticed Natasha
  1435 | D:2      | Killed Natasha
  1809 | D:2      | Noticed Natasha
  1822 | D:2      | Killed Natasha
  1880 | D:2      | Noticed Natasha
  1891 | D:2      | Killed Natasha
  1970 | D:2      | Reached skill level 5 in Armour
  2085 | D:3      | Found a transporter.
  2108 | D:3      | Noticed Dega's ghost (amateur SpHu)
  2109 | D:3      | Found a transporter.
  2277 | D:3      | Noticed Pargi
  2296 | D:3      | Killed Pargi
  2297 | D:3      | Reached XP level 7. HP: 22/43 MP: 7/7
  2446 | D:3      | Killed Dega's ghost
  2533 | D:4      | Found Lerus's General Store.
  2540 | D:4      | Bought a wand of light (1) for 46 gold pieces
  2540 | D:4      | Bought a scroll of identify for 22 gold pieces
  2540 | D:4      | Bought a potion of mutation for 88 gold pieces
  2540 | D:4      | Bought a scroll of vulnerability for 44 gold pieces
  3162 | D:5      | Entered Level 5 of the Dungeon
  3178 | D:5      | Reached skill level 1 in Evocations
  3343 | D:5      | Reached XP level 8. HP: 35/48 MP: 8/8
  3543 | D:5      | Reached skill level 6 in Armour
  3871 | D:5      | Found a staircase to the Ecumenical Temple.
  3878 | Temple   | Entered the Ecumenical Temple
  3997 | D:5      | Identified the +2 dagger "Zuerad" {flame, rF+ rC+ rN+
                  | Int-3}
  4641 | D:6      | Reached skill level 5 in Fighting
  4757 | D:6      | Found a shimmering blue altar of Sif Muna.
  4811 | D:6      | Reached skill level 5 in Shields
  5208 | D:7      | Reached XP level 9. HP: 54/54 MP: 9/9
  5397 | D:7      | Found Osmeetzo's Weapon Boutique.
  5402 | D:7      | Bought 5 curare-tipped darts for 84 gold pieces
  5523 | D:7      | Reached skill level 1 in Throwing
  5789 | D:7      | Noticed Duvessa
  5789 | D:7      | Noticed Dowan
  5820 | D:7      | Killed Duvessa
  5821 | D:7      | Killed Dowan
  5822 | D:7      | Reached skill level 7 in Armour
  6286 | D:8      | Noticed Erica
  6313 | D:8      | Killed Erica
  6417 | D:8      | Slain by a wyvern

Illustrated notes

Levels and vault maps discovered:
D:1:      lightli_arrival_statuegarden, layout_loops_corners
D:2:      layout_loops_corners, minmay_misc_feat_encased, solitary_fountain,
          uniq_natasha, uniq_robin, uniq_sigmund
D:3:      layout_rooms, gammafunk_ghost_arena, uniq_pargi
D:4:      layout_rooms, serial_shops, shop, hangedman_abyss_or_decor_stabs
D:5:      layout_basic, minmay_temple_entry_arrows
D:6:      layout_basic, nicolae_sif_muna_little_library
D:7:      layout_gridville, serial_shops, shop, uniq_duvessa
D:8:      cheibrodos_grave_circle, layout_cave_pods, minmay_shattered_shrine,
          uniq_erica
Temple:   nicolae_temple_superstar

Skill      XL: |  1  2  3  4  5  6  7  8  9 |
---------------+----------------------------+-----
Dodging        | 1 2 3 4 |  4.4
Axes           | 2 3 4 |  4.0
Armour         | 4 5 6 7 |  7.3
Maces & Flails | 1 2 3 |  3.8
Fighting       | 4 5 6 |  6.0
Shields        | 4 5 |  5.5
Evocations     | 1 2 3 |  3.8
Throwing       | 2 |  2.3

Action                     |  1- 3 |  4- 6 |  7- 9 || total
---------------------------+-------+-------+-------++-------
  Melee: War axe           |    13 |       |       ||    13
         Mace              |    74 |   153 |   412 ||   639
  Throw: Dart              |       |       |    11 ||    11
         Throwing net      |       |       |     1 ||     1
  Evoke: Wand              |       |       |     1 ||     1
    Use: Potion            |     1 |     5 |     4 ||    10
         Scroll            |       |       |    14 ||    14
   Stab: Invisible         |       |     2 |       ||     2
 Armour: Plate armour      |    64 |   108 |   362 ||   534
  Dodge: Dodged            |    19 |    54 |   160 ||   233
  Block: Buckler           |    20 |    38 |   157 ||   215
         Reflection        |       |       |     4 ||     4

Table legend: (Time is in decaauts)
 A = Elapsed time spent in this place.
 B = Non-inter-level travel time spent in this place.
 C = Inter-level travel time spent in this place.
 D = Time resting spent in this place.
 E = Time spent auto-exploring this place.
 F = Levels seen in this place.
 G = Mean time per level.
                   A        B        C        D        E       F      G
               +--------+--------+--------+--------+--------+-----+--------+
         Total |   6601 |   6601 |      0 |     94 |   2840 |   9 |  733.4 |
       Dungeon |   6507 |   6507 |      0 |     94 |   2840 |   8 |  813.4 |
        Temple |     93 |     93 |      0 |      0 |      0 |   1 |   93.0 |
               +--------+--------+--------+--------+--------+-----+--------+

Top non-repeatable levels by time:
     D:2: 1150 daAuts
     D:5: 1124 daAuts
     D:1: 914 daAuts
     D:6: 861 daAuts
     D:7: 782 daAuts
     D:4: 643 daAuts
     D:3: 532 daAuts
     D:8: 498 daAuts
  Temple: 93 daAuts
